 Dungeon Crawl Stone Soup version 0.21.1-1-g345015f (webtiles) character file.

1171 infcreate the Cleaver (level 8, -5/68 HPs)
             Began as a Minotaur Fighter on May 6, 2018.
             Slain by an orc warrior
             ... wielding a +0 battleaxe
              (19 damage)
             ... on level 6 of the Dungeon.
             The game lasted 00:23:13 (4922 turns).

infcreate the Cleaver (Minotaur Fighter)            Turns: 4922, Time: 00:23:15

Health: -5/68      AC: 11    Str: 24    XL:     8   Next: 18%
Magic:  7/7        EV:  6    Int: 10    God:
Gold:   198        SH:  0    Dex:  9    Spells: 7/7 levels left

rFire    + . .     SeeInvis .   a - +0 war axe
rCold    . . .     Gourm    .   c - +0 shield
rNeg     . . .     Faith    .   m - +0 chain mail
rPois    .         Spirit   .   (helmet restricted)
rElec    .         Reflect  +   o - -1 cloak
rCorr    .         Harm     .   h - +0 pair of gloves
MR       .....                  (no boots)
Stlth    ..........             n - +6 amulet of reflection
HPRegen  0.21/turn              e - ring of protection from fire
MPRegen  0.10/turn              g - +5 ring of intelligence

@: confused
A: retaliatory headbutt, horns 2
a: no special abilities


You were on level 6 of the Dungeon.
You were not hungry.

You visited 1 branch of the dungeon, and saw 6 of its levels.

You collected 198 gold pieces.

Inventory:

Hand Weapons
 a - a +0 war axe (weapon)
Armour
 c - a +0 shield (worn)
 h - a +0 pair of gloves (worn)
 m - a +0 chain mail (worn)
 o - a -1 cloak (worn)
Jewellery
 e - a ring of protection from fire (left hand)
 g - a +5 ring of intelligence (right hand)
 n - a +6 amulet of reflection (around neck)
 A - a cursed ring of loudness {unknown}
Scrolls
 b - 4 scrolls of identify {unknown}
 i - 2 scrolls of fear {unknown}
 j - a scroll of amnesia {unknown}
 k - 3 scrolls of remove curse
 s - a scroll of blinking {unknown}
 t - a scroll of immolation {unknown}
 w - a scroll of magic mapping {unknown}
 y - a scroll of enchant armour {unknown}
Potions
 d - a potion of might
 l - a potion of flight {unknown}
 p - a potion of brilliance {unknown}
 q - 3 potions of curing {unknown}
 r - a potion of lignification {unknown}
 u - a potion of haste {unknown}
 v - 2 potions of cancellation {unknown}
 x - a potion of heal wounds {unknown}
 C - a potion of magic {unknown}
Books
 z - a book of Misfortune

   Spells                             Type                      Level
   a - Confusing Touch                Hexes                        1
   b - Confuse                        Hexes                        3
   c - Gell's Gravitas                Translocation                3
   d - Petrify                        Transmutation/Earth          4
   e - Metabolic Englaciation         Hexes/Ice                    5
   f - Yara's Violent Unravelling     Hexes/Transmutation          5
 B - a book of Misfortune

   Spells                             Type                      Level
   a - Confusing Touch                Hexes                        1
   b - Confuse                        Hexes                        3
   c - Gell's Gravitas                Translocation                3
   d - Petrify                        Transmutation/Earth          4
   e - Metabolic Englaciation         Hexes/Ice                    5
   f - Yara's Violent Unravelling     Hexes/Transmutation          5
Comestibles
 f - 2 rations
 D - 7 chunks of flesh


   Skills:
 + Level 5.3 Fighting
 + Level 8.3 Axes
 + Level 6.0 Armour
 + Level 6.9 Shields


You had 7 spell levels left.
You didn't know any spells.

Dungeon Overview and Level Annotations

Branches:
Dungeon (6/15)
 Temple: D:4-7

Altars:
Cheibriados
Fedhas
Hepliaklqana
Kikubaaqudgha
Makhleb
Nemelex Xobeh
Vehumet
Xom


Innate Abilities, Weirdness & Mutations

You reflexively headbutt those who attack you in melee.
You have a pair of horns on your head.


Message History

The orc warrior is severely wounded.
You closely miss something. You block the orc warrior's attack.
You block something's attack.
You hit the orc warrior but do no damage.
The orc warrior is severely wounded.
Your shield and chain mail prevent you from hitting something.
You hear some strange, mumbled words.
You are confused.
The orc warrior barely misses you.
You closely miss something. You closely miss the orc warrior.
Something hits you but does no damage.
The orc warrior hits you but does no damage.
You're too confused to move!
Something hits you but does no damage.
You closely miss something. You miss the orc warrior.
The orc warrior hits you with a battleaxe!
* * * LOW HITPOINT WARNING * * *
Something hits you but does no damage. Something hits you but does no damage.
The orc warrior hits you with a battleaxe!!
You die...

.#...###... ..
......... #..
#.......
#...#......#
#...#......###.#
#......)).....#
#.........#
#..$..)o..# ########
#.....@{..# #......#
#####.....###......#
###.#).........#
#.#.##.......#
#.#..........#
#.###........#
#...........##
#####.#######
#.#######


You could see an orc warrior.

Vanquished Creatures
  A sky beast (D:5)
  4 ogres
  2 centaurs (D:5)
  A bullfrog (D:6)
  An orc priest (D:6)
  2 jellies
  2 orc wizards (D:4)
  4 hounds
  2 worker ant zombies
  5 gnolls
  5 adders
  2 shadow imps (D:5)
  2 adder skeletons
  6 worms
  2 dart slugs (D:1)
  4 leopard geckos
  8 orcs
  4 bats
  4 giant cockroaches
  6 goblins
  5 hobgoblins
  13 jackals
  3 quokkas
  A ball python (D:1)
  3 frilled lizards
  A jackal zombie (D:5)
  5 kobolds
  A leopard gecko skeleton (D:6)
  A quokka skeleton (D:4)
  4 rats
104 creatures vanquished.

Notes
Turn   | Place    | Note
-------+----------+-------------------------------------------
     0 | D:1      | infcreate the Minotaur Fighter began the quest for the Orb.
     0 | D:1      | Reached XP level 1. HP: 19/19 MP: 0/0
   383 | D:1      | Reached XP level 2. HP: 27/27 MP: 1/1
   627 | D:1      | Reached skill level 3 in Axes
   717 | D:2      | Reached XP level 3. HP: 32/33 MP: 2/2
  1671 | D:3      | Reached XP level 4. HP: 40/40 MP: 3/3
  1869 | D:3      | Found a burning altar of Makhleb.
  1931 | D:3      | Reached skill level 4 in Axes
  2250 | D:3      | Found a shimmering altar of Xom.
  2251 | D:3      | Found a hazy altar of Hepliaklqana.
  2251 | D:3      | Noticed a yak
  2252 | D:3      | Noticed a spectral ugly thing
  2252 | D:3      | Noticed a yak
  2484 | D:4      | Noticed an ogre
  2495 | D:4      | Killed an ogre
  2495 | D:4      | Reached skill level 5 in Axes
  2495 | D:4      | Reached XP level 5. HP: 23/47 MP: 4/4
  2794 | D:4      | Reached skill level 5 in Shields
  2794 | D:4      | Reached XP level 6. HP: 44/53 MP: 5/5
  3850 | D:4      | Reached skill level 6 in Axes
  3850 | D:4      | Reached skill level 5 in Armour
  3870 | D:5      | Entered Level 5 of the Dungeon
  3890 | D:5      | Found a sparkling altar of Nemelex Xobeh.
  3917 | D:5      | Noticed a sky beast
  3943 | D:5      | Killed a sky beast
  3976 | D:5      | Found a radiant altar of Vehumet.
  3987 | D:5      | Reached XP level 7. HP: 55/60 MP: 6/6
  4000 | D:5      | Found an ancient bone altar of Kikubaaqudgha.
  4398 | D:5      | Reached skill level 7 in Axes
  4399 | D:5      | Found a burning altar of Makhleb.
  4399 | D:5      | Found a blossoming altar of Fedhas.
  4402 | D:5      | Found a snail-covered altar of Cheibriados.
  4591 | D:5      | Reached skill level 5 in Fighting
  4664 | D:6      | Reached XP level 8. HP: 30/68 MP: 7/7
  4690 | D:5      | Reached skill level 8 in Axes
  4922 | D:6      | Slain by an orc warrior

Skill      XL: |  1  2  3  4  5  6  7  8 |
---------------+-------------------------+-----
Fighting       | 4 5 |  5.3
Armour         | 4 5 6 |  6.0
Shields        | 4 5 6 |  6.9
Axes           | 3 5 6 7 8 |  8.3

Action                   |  1- 3 |  4- 6 |  7- 9 || total
-------------------------+-------+-------+-------++-------
Melee: War axe           |   107 |   111 |   106 ||   324
       Headbutt          |    16 |    23 |    19 ||    58
  Use: Scroll            |       |     1 |       ||     1
  Eat: Ration            |     1 |     2 |       ||     3
       Chunk             |       |     1 |     2 ||     3
Armor: Scale mail        |    21 |       |       ||    21
       Chain mail        |    56 |    43 |    41 ||   140
Dodge: Dodged            |    30 |    21 |    12 ||    63
Block: Shield            |    59 |    93 |   102 ||   254
       Reflection        |       |     4 |     5 ||     9
